 Dungeon Crawl Stone Soup version 0.17.1-1-g73c8601 (webtiles) character file.

24514 pedritolo the Bewitcher (level 12, 0/51 HPs)
             Began as a Spriggan Enchanter on Feb 11, 2017.
             Was an Elder of Dithmenos.
             Killed from afar by an acid blob (3 damage)
             ... with a splash of acid
             ... on level 3 of the Pits of Slime.
             The game lasted 00:39:11 (4747 turns).

pedritolo the Bewitcher (Spriggan Enchanter)        Turns: 4747, Time: 00:39:11

Health: 0/51       AC:  8    Str:  6    XL:     12   Next: 81%
Magic:  26/26      EV: 32    Int: 18    God:    Dithmenos [****..]
Gold:   501        SH:  0    Dex: 28    Spells: 4 memorised, 16 levels left

rFire  . . .     SeeInvis +     a - +6 dagger (protect)
rCold  . . .     Clarity  .     g - troll hide {Purgy}
rNeg   . . .     SustAt   .     (shield restricted)
rPois  .         Gourm    .     n - +1 hat
rElec  .         Spirit   .     b - +0 cloak
rCorr  .         Warding  .     (gloves unavailable)
rMut   .         Stasis   .     (boots unavailable)
MR     ++...                    (no amulet)
Stlth  +++++++++.               J - +4 ring of dexterity
                                B - +2 ring of intelligence

@: wreathed by umbra, very quick, very resistant to hostile enchantments,
incredibly stealthy
A: unfitting armour, see invisible, agile 1, deformed body, herbivore 3, speed
3, slow metabolism 2, strong 1, wild magic 1
a: Shadow Step, Renounce Religion


You were on level 3 of the Pits of Slime.
You worshipped Dithmenos.
Dithmenos was greatly pleased with you.
You were full.

You visited 4 branches of the dungeon, and saw 21 of its levels.
You also visited: Sewer, Ossuary and Bailey.

You collected 501 gold pieces.

Inventory:

Hand Weapons
 a - a +6 dagger of protection (weapon)
Armour
 b - a +0 cloak (worn)
 g - a troll hide (worn) {Purgy}
 n - a +1 hat (worn)
Magical Staves
 l - an uncursed staff of energy
Jewellery
 e - an uncursed ring of fire
 B - a +2 ring of intelligence (left hand)
 J - a +4 ring of dexterity (right hand)
Wands
 x - a wand of draining (2)
 z - a wand of confusion (21)
 H - a wand of digging (5)
Scrolls
 i - 5 scrolls of amnesia
 k - 5 scrolls of fear
 q - 6 scrolls of teleportation
 s - 6 scrolls of remove curse
 v - 3 scrolls of blinking
 y - 2 scrolls of fog
 L - a scroll of torment
 N - a scroll of immolation
 P - a scroll of magic mapping
Potions
 f - 2 potions of invisibility {unknown}
 h - 2 potions of curing
 j - 2 potions of might {unknown}
 m - 2 potions of heal wounds
 o - a potion of agility
 r - 3 potions of brilliance
 A - a potion of magic {unknown}
 D - a potion of cure mutation {unknown}
 E - 2 potions of mutation
 F - 2 potions of degeneration {unknown}
 G - a potion of lignification {unknown}
 I - 2 potions of haste {unknown}
 K - 2 potions of poison {unknown}
Books
 c - a book of Maledictions

   Spells                             Type                      Level
   a - Corona                         Hexes                        1
   b - Ensorcelled Hibernation        Hexes/Ice                    2
   c - Confuse                        Hexes                        3
   d - Tukima's Dance                 Hexes                        3
   e - Dazzling Spray                 Conjuration/Hexes            3
 p - a book of Dreams

   Spells                             Type                      Level
   a - Ensorcelled Hibernation        Hexes/Ice                    2
   b - Phase Shift                    Translocation                5
   c - Shadow Creatures               Summoning                    5
   d - Silence                        Hexes/Air                    5
   e - Darkness                       Hexes                        6
   f - Mass Confusion                 Hexes                        6
Comestibles
 d - 4 bread rations
 C - 6 fruits


   Skills:
 + Level 9.2 Short Blades
 + Level 12.0 Dodging
 + Level 13.6 Stealth
 - Level 9.0 Spellcasting
 * Level 15.0 Hexes
 + Level 5.0 Invocations
 + Level 6.5 Evocations


You had 16 spell levels left.
You knew the following spells:

 Your Spells              Type           Power        Failure   Level  Hunger
a - Phase Shift           Tloc           ##........   100%        5    #####..
b - Confuse               Hex            #######.     1%          3    None
c - Ensorcelled Hibernat  Hex/Ice        ######       3%          2    None
d - Dazzling Spray        Conj/Hex       ######..     5%          3    None


Dungeon Overview and Level Annotations

Branches:
Dungeon (9/15)             Temple (1/1) D:6            Lair (8/8) D:9
 Spider (0/4) Lair:3        Slime (3/6) Lair:8
  Swamp: Lair:3-6    Shoals: Lair:3-6       Orc: D:9-12

Altars:
Ashenzari
Dithmenos
Fedhas
Kikubaaqudgha
Makhleb
Okawaru
Ru
Sif Muna
Vehumet
Yredelemnul

Annotations:
D:7 Prince Ribbit
Lair:1 Grum, Sonja, Urug
Lair:2 woodrow's ghost, journeyman GrWz


Innate Abilities, Weirdness & Mutations

You are tiny and cannot use many weapons and most armour.
You have supernaturally acute eyesight.
You are a herbivore.
You cover ground extremely quickly.
You need consume almost no food.
You are agile. (Dex +2)
Armour fits poorly on your strangely shaped body.
Your muscles are strong. (Str +2)
Your spells are a little harder to cast, but a little more powerful.


Message History

You climb downwards.
You found a shaft!
Found a stone staircase leading down.
There is a stone staircase leading up here.
There is a stone staircase leading down here.
You climb downwards. 2 slime creatures come into view.
There is a stone staircase leading up here.
A slime creature comes into view.
An acid blob comes into view.
An acid blob comes into view.
The wall burns you!
The acid blob quivers.
The acid blob hits you!!!
Ouch! That really hurt!
* * * LOW HITPOINT WARNING * * *
You emit a cloud of dark smoke.
You are splashed with acid!
The acid burns!
* * * LOW HITPOINT WARNING * * *
The acid blob spits acid at you. The splash of acid hits you!
You die...

# ####### ..
##.....#### ≈ ...
##.........##≈≈J ....
#............≈≈≈
#....#....#..<....J≈≈
#........##.....#≈≈≈≈
#......@§###...## J#≈
##.....§§§######
#.##...§§J.# .
##...§§....
##..........
####.J..... ###....
#.#. ..


You could see an acid blob.

Vanquished Creatures
  An azure jelly (Slime:1)
  5 hydras
  2 death yaks (Lair:8)
  Nergalle (Lair:4)
  A fire crab (Lair:8)
  A lindwurm (Lair:8)
  A griffon (Lair:7)
  4 black mambas
  3 elephants
  8 spiny frogs
  2 fire drakes
  7 komodo dragons
  2 blink frogs (Lair:8)
  4 slime creatures (Slime:1)
  A two-headed ogre (D:9)
  A wyvern (Lair:8)
  23 yaks
  2 basilisks
  3 hippogriffs
  A wolf (Lair:4)
  A sky beast (D:5)
  11 water moccasins
  Purgy (Sewer)
  5 porcupines
  A centaur (D:9)
  2 ogres
  8 crocodiles
  The ghost of ArseElementalist the Caller, an amateur TeWn (D:4)
  10 giant frogs
  A scorpion (D:8)
  2 jellies
  A giant frog zombie (D:9)
  2 iguanas
  3 worker ants
  3 sheep
  A hound skeleton (D:4)
  A gnoll (D:6)
  3 adders
  32 river rats
  A giant gecko (D:2)
  5 orcs
  2 giant cockroaches (D:3)
  5 goblins
  3 kobolds (Sewer)
  A quokka (D:6)
  2 giant newts
  2 orc zombies (Ossuary)
  A quokka zombie (D:5)
  5 rats
189 creatures vanquished.

Vanquished Creatures (others)
  4 plants
4 creatures vanquished.

Grand Total: 193 creatures vanquished

Notes
Turn   | Place    | Note
--------------------------------------------------------------
     0 | D:1      | pedritolo the Spriggan Enchanter began the quest for the Orb.
     0 | D:1      | Reached XP level 1. HP: 9/9 MP: 5/5
    14 | D:2      | Found a blossoming altar of Fedhas.
   238 | D:3      | Reached XP level 2. HP: 8/13 MP: 7/7
   265 | D:3      | Learned a level 2 spell: Ensorcelled Hibernation
   312 | D:3      | Found a glowing drain.
   346 | Sewer    | Entered a sewer
   374 | Sewer    | Noticed Purgy
   394 | Sewer    | Gained mutation: Your spells are a little harder to cast, but a little more powerful. [potion of mutation]
   394 | Sewer    | Gained mutation: Armour fits poorly on your strangely shaped body. [potion of mutation]
   394 | Sewer    | Gained mutation: You are agile. (Dex +2) [potion of mutation]
   402 | Sewer    | Killed Purgy
   402 | Sewer    | Reached skill level 5 in Stealth
   402 | Sewer    | Reached skill level 5 in Hexes
   402 | Sewer    | Reached XP level 3. HP: 10/16 MP: 4/9
   402 | Sewer    | Reached XP level 4. HP: 12/21 MP: 4/11
   618 | D:3      | Learned a level 3 spell: Confuse
   622 | D:3      | Learned a level 3 spell: Dazzling Spray
   642 | D:4      | Noticed ArseElementalist's ghost (amateur TeWn)
   659 | D:4      | Killed ArseElementalist's ghost
   659 | D:4      | Reached XP level 5. HP: 20/24 MP: 4/12
   694 | D:4      | Found a burning altar of Makhleb.
   802 | D:5      | Entered Level 5 of the Dungeon
   840 | D:5      | Noticed a centaur
   840 | D:5      | Noticed an ogre
   867 | D:5      | Killed an ogre
   867 | D:5      | Reached skill level 6 in Stealth
   867 | D:5      | Reached XP level 6. HP: 10/28 MP: 1/14
   896 | D:5      | Noticed a sky beast
   908 | D:5      | Killed a sky beast
   910 | D:5      | Found a sand-covered staircase.
   920 | Ossuary  | Entered an ossuary
  1012 | D:7      | Noticed Prince Ribbit
  1151 | D:6      | Reached skill level 5 in Spellcasting
  1256 | D:6      | Found a staircase to the Ecumenical Temple.
  1261 | Temple   | Entered the Ecumenical Temple
  1269 | Temple   | Became a worshipper of Dithmenos the Shadowed
  1308 | D:6      | Reached XP level 7. HP: 32/32 MP: 7/15
  1396 | D:8      | Reached skill level 7 in Hexes
  1401 | D:8      | Found a flagged portal.
  1467 | Bailey   | Entered a bailey
  1578 | D:9      | Noticed a two-headed ogre
  1588 | D:9      | Killed a two-headed ogre
  1609 | D:9      | Noticed a cyan ugly thing
  1685 | D:9      | Noticed a guardian serpent
  1697 | D:9      | Reached skill level 5 in Dodging
  1697 | D:9      | Reached XP level 8. HP: 36/36 MP: 8/17
  1713 | D:9      | Found a shadowy altar of Dithmenos.
  1715 | D:9      | Reached skill level 8 in Hexes
  1729 | D:9      | Found a staircase to the Lair.
  1730 | D:9      | Noticed a komodo dragon
  1740 | D:9      | Noticed a guardian serpent
  1773 | D:9      | Killed a komodo dragon
  1812 | Lair:1   | Entered Level 1 of the Lair of Beasts
  1846 | Lair:1   | Noticed Grum
  1847 | Lair:1   | Noticed Urug
  1863 | Lair:1   | Noticed Sonja
  1880 | Lair:2   | HP: 1/36 [wolf[Grum] (4)]
  1902 | Lair:2   | Noticed woodrow's ghost (journeyman GrWz)
  1914 | Lair:2   | Noticed a komodo dragon
  1997 | Lair:3   | Noticed a komodo dragon
  2002 | Lair:3   | Noticed a spiny frog
  2003 | Lair:3   | Killed a komodo dragon
  2003 | Lair:3   | Reached skill level 9 in Hexes
  2035 | Lair:2   | Noticed woodrow's ghost (journeyman GrWz)
  2069 | Lair:4   | Reached XP level 9. HP: 33/39 MP: 15/20
  2092 | Lair:3   | Found a hole to the Spider Nest.
  2209 | Lair:4   | Noticed Nergalle
  2238 | Lair:4   | Killed Nergalle
  2238 | Lair:4   | Reached skill level 5 in Short Blades
  2238 | Lair:4   | Reached skill level 10 in Hexes
  2249 | Lair:4   | Noticed a four-headed hydra
  2254 | Lair:4   | Noticed a blink frog
  2255 | Lair:4   | Noticed a blink frog
  2258 | Lair:4   | Noticed a blink frog
  2267 | Lair:4   | Killed a four-headed hydra
  2267 | Lair:4   | Reached * piety under Dithmenos
  2330 | Lair:3   | Noticed a komodo dragon
  2337 | Lair:3   | Killed a komodo dragon
  2337 | Lair:3   | Reached skill level 10 in Stealth
  2343 | Lair:3   | Reached skill level 11 in Hexes
  2343 | Lair:3   | Reached XP level 10. HP: 28/44 MP: 14/23
  2496 | Lair:4   | Noticed a spiny frog
  2504 | Lair:4   | Killed a spiny frog
  2539 | Lair:4   | Noticed a torpor snail
  2641 | Lair:4   | Reached skill level 12 in Hexes
  2766 | Lair:6   | Noticed a black mamba
  2773 | Lair:6   | Killed a black mamba
  2844 | Lair:5   | Noticed a black mamba
  2851 | Lair:5   | Killed a black mamba
  2851 | Lair:5   | Reached ** piety under Dithmenos
  2851 | Lair:5   | Reached XP level 11. HP: 47/47 MP: 25/25
  2930 | Lair:6   | Noticed an elephant
  2931 | Lair:6   | Noticed an elephant
  2934 | Lair:6   | Noticed an elephant
  2942 | Lair:6   | Killed an elephant
  2942 | Lair:6   | Reached skill level 1 in Invocations
  2942 | Lair:6   | Reached skill level 1 in Evocations
  2995 | Lair:6   | Reached skill level 10 in Dodging
  3039 | Lair:8   | Entered Level 8 of the Lair of Beasts
  3113 | Lair:8   | Learned a level 5 spell: Phase Shift
  3157 | Lair:7   | Noticed a four-headed hydra
  3173 | Lair:7   | Killed a four-headed hydra
  3173 | Lair:7   | Reached skill level 13 in Hexes
  3207 | Lair:7   | Reached *** piety under Dithmenos
  3313 | Lair:8   | Found a shattered altar of Ashenzari.
  3394 | Lair:8   | Noticed a fire crab
  3408 | Lair:8   | Killed a fire crab
  3470 | Lair:8   | Noticed a five-headed hydra
  3475 | Lair:8   | Killed a five-headed hydra
  3602 | Lair:8   | Noticed a death yak
  3604 | Lair:8   | Reached skill level 14 in Hexes
  3605 | Lair:8   | Reached XP level 12. HP: 51/51 MP: 11/26
  3611 | Lair:8   | Noticed an eight-headed hydra
  3629 | Lair:8   | Noticed a death yak
  3630 | Lair:8   | Killed a death yak
  3632 | Lair:8   | Killed a death yak
  3635 | Lair:8   | Killed an eight-headed hydra
  3635 | Lair:8   | Reached skill level 5 in Evocations
  3640 | Lair:8   | Noticed a lindwurm
  3661 | Lair:8   | Killed a lindwurm
  4123 | Lair:6   | Reached **** piety under Dithmenos
  4313 | Lair:5   | Noticed an eight-headed hydra
  4321 | Lair:5   | Killed an eight-headed hydra
  4573 | Lair:8   | Found a staircase to the Slime Pits.
  4665 | Lair:8   | Gained mutation: Your muscles are strong. (Str +2) [potion of beneficial mutation]
  4672 | Slime:1  | Entered Level 1 of the Pits of Slime
  4672 | Slime:1  | Noticed an azure jelly
  4674 | Slime:1  | Killed an azure jelly
  4700 | Slime:1  | Reached skill level 15 in Hexes
  4713 | Slime:1  | Reached skill level 5 in Invocations
  4742 | Slime:3  | Noticed an acid blob
  4743 | Slime:3  | Noticed an acid blob
  4746 | Slime:3  | HP: 2/51 [acid (7)]
  4747 | Slime:3  | Killed from afar by an acid blob

Action                   |  1- 3 |  4- 6 |  7- 9 | 10-12 || total
-------------------------+-------+-------+-------+-------++-------
Melee: Dagger            |    22 |    60 |    57 |   194 ||   333
 Cast: Corona            |     1 |       |       |       ||     1
       Ensorcelled Hiber |     5 |    14 |     6 |    58 ||    83
       Confuse           |       |     9 |    19 |    14 ||    42
  Use: Potion            |     4 |       |     1 |     1 ||     6
       Scroll            |       |     4 |       |    14 ||    18
 Stab: Sleeping          |     9 |    18 |    17 |   113 ||   157
       Confused          |       |     3 |     8 |    12 ||    23
  Eat: Royal jelly       |       |     1 |       |     1 ||     2
       Bread ration      |       |       |     1 |       ||     1
       Pizza             |       |       |       |     1 ||     1
